 Dungeon Crawl Stone Soup version 0.27.1-4-g1640c2035a (webtiles) character file.

Game seed: 14662387298261183530

131 Stomo444 the Skirmisher (level 5, 0/28 HPs)
             Began as a Vine Stalker Berserker on Nov 13, 2021.
             Was a Believer of Trog.
             Slain by an ogre (9 damage)
             ... on level 4 of the Dungeon.
             The game lasted 00:03:42 (2737 turns).

Stomo444 the Skirmisher (Vine Stalker Berserker)    Turns: 2737, Time: 00:03:43

Health: 0/28       AC: 14    Str: 21    XL:     5   Next: 14%
Magic:  0/6        EV: 12    Int:  7    God:    Trog [**....]
Gold:   85         SH:  0    Dex: 13    Spells: 4/4 levels left

rFire    . . .     SeeInvis .   q - +2 mace (protect)
rCold    . . .     Faith    .   (no shield)
rNeg     . . .     Spirit   +   s - +0 leather armour
rPois    .         Reflect  .   (no helmet)
rElec    .         Harm     .   h - +1 cloak
rCorr    .         Rampage  .   d - +1 pair of gloves
Will     .....                  (no boots)
Stlth    +.........             (no amulet)
HPRegen  1.09/turn              (no ring)
MPRegen  0.10/turn              (no ring)

@: under a protective aura
A: fangs 2, regeneration 1, magic shield, antimagic bite, no potion heal 2
a: Renounce Religion, Berserk, Trog's Hand


You were on level 4 of the Dungeon.
You worshipped Trog.
Trog was pleased with you.
You visited 1 branch of the dungeon, and saw 4 of its levels.

You collected 85 gold pieces.

Inventory:

Hand Weapons
 a - a +0 mace
 o - a +0 flail
 q - a +2 mace of protection (weapon)
Armour
 b - a +0 animal skin
 d - a +1 pair of gloves (worn)
 h - a +1 cloak (worn)
 s - a +0 leather armour (worn)
Wands
 v - a wand of polymorph (10)
Scrolls
 c - a scroll of fear {unknown}
 f - a scroll of blinking {unknown}
 g - a scroll of fog {unknown}
 i - 2 scrolls of identify {unknown}
 m - 4 scrolls of teleportation {unknown}
 n - 2 scrolls of enchant armour {unknown}
 p - a scroll of magic mapping {unknown}
 r - a scroll of enchant weapon {unknown}
 t - a scroll of noise {unknown}
 u - a scroll of holy word {unknown}
 w - a scroll of vulnerability {unknown}
Potions
 e - a potion of flight {unknown}
 j - a potion of degeneration {unknown}
 k - a potion of haste {unknown}
 l - a potion of mutation {unknown}


   Skills:
 + Level 3.5 Fighting
 + Level 3.4 Maces & Flails
 + Level 2.4 Armour
 + Level 2.5 Dodging


You had 4 spell levels left.
You didn't know any spells.
Your spell library was empty.

Dungeon Overview and Level Annotations

Branches:
Dungeon (4/15)
 Temple: D:4-7

Altars:

Shops:
D:4 *


Innate Abilities, Weirdness & Mutations

You have extremely sharp teeth.
Your natural rate of healing is unusually fast.
When hurt, damage is shared between your health and your magic reserves.
Your bite disrupts and absorbs the magic of your enemies.
Potions cannot restore your health.


Message History

You see here a scroll labelled FUHIWU CECIPT.
An orc is nearby!
An orc is nearby!
An orc is nearby!
Unknown command.
w - a scroll labelled FUHIWU CECIPT You barely miss the orc.
The orc shouts!
The orc closely misses you. The orc hits you but does no damage.
The orc shouts!
You thump the orc!
Your weapon exudes an aura of protection.
You kill the orc!
Trog accepts your kill.
Things that are here:
a +0 short sword; an orc corpse The orc barely misses you.
You hit the orc.
Your weapon exudes an aura of protection.
The orc is severely wounded.
The orc barely misses you. The orc completely misses you.
You barely miss the orc. Your bite misses the orc.
The orc is severely wounded.
The orc barely misses you. The orc closely misses you.
The ogre hits you with a +0 giant club! The orc barely misses you.
You barely miss the orc. You bite the orc. You drain its power.
You feel invigorated.
The orc is almost dead.
The orc hits you but does no damage. The ogre hits you with a +0 giant club.
The orc hits you but does no damage.
You hit the ogre. You bite the ogre. You drain its power.
You feel invigorated.
The ogre is lightly wounded.
The orc hits you with a +0 flail. The orc hits you but does no damage.
The ogre hits you with a +0 giant club!
* * * LOW HITPOINT WARNING * * *
The orc barely misses you.
You barely miss the ogre. You bite the ogre, but do no damage.
The ogre is lightly wounded.
The orc closely misses you. The ogre hits you with a +0 giant club!
You die...

#...[...................
####................##...##
.........8...............#
#.....................##
#8...<...............##
..#.........>.........<#
..(..∩..(..............#
......................##
...>...8.o@)....#..####
.........oO.....####
.8.........##....##
..o......#####....#
....##...# #..###
#........# ##.# ..... ....
..... ..##.. .# ##


You could see an ogre and 2 orcs.

Vanquished Creatures
  An iguana (D:3)
  2 adders
  A white imp (D:3)
  An adder skeleton (D:4)
  3 worms
  2 dart slugs (D:3)
  3 orcs
  A ball python (D:1)
  5 endoplasms
  A giant cockroach (D:2)
  6 goblins
  8 hobgoblins
  2 jackals (D:1)
  8 kobolds
  A quokka (D:2)
  5 bats
  5 frilled lizards
  5 rats
60 creatures vanquished.

Vanquished Creatures (others)
  8 plants (D:2)
8 creatures vanquished.

Grand Total: 68 creatures vanquished

Notes
Turn   | Place    | Note
-------+----------+-------------------------------------------
     0 | D:1      | Stomo444 the Vine Stalker Berserker began the quest for the
                  | Orb.
     0 | D:1      | Reached XP level 1. HP: 11/11 MP: 2/2
   416 | D:1      | Reached XP level 2. HP: 16/16 MP: 3/3
   735 | D:2      | Found a faded altar of an unknown god.
   752 | D:2      | Reached XP level 3. HP: 20/20 MP: 4/4
  1199 | D:2      | Reached ** piety under Trog
  1854 | D:2      | Gained mutation: Your natural rate of healing is unusually
                  | fast. [Vine Stalker growth]
  1854 | D:2      | Reached XP level 4. HP: 24/24 MP: 5/5
  2606 | D:4      | Noticed an ogre
  2628 | D:3      | Reached XP level 5. HP: 28/28 MP: 6/6
  2664 | D:4      | Found Tuaneiq's General Store.
  2665 | D:4      | Noticed an acid dragon
  2737 | D:4      | Slain by an ogre

Illustrated notes

Levels and vault maps discovered:
D:1:      roderic_octagonal_star, layout_rooms
D:2:      layout_loops_ring, ebering_ecumenical_altar_webs, kennysheep_donut,
          lexackson_kobold_supper
D:3:      layout_basic
D:4:      layout_cave_pools, serial_shops, shop, nicolae_stop_n_shop_1,
          minmay_mini_ossuary

Skill      XL: |  1  2  3 |
---------------+----------+-----
Fighting       | 3 |  3.5
Dodging        | 2 |  2.5
Maces & Flails | 3 |  3.4
Armour         | 2 |  2.4

Action                   |  1- 3 |  4- 6 || total
-------------------------+-------+-------++-------
Melee: Mace              |   104 |    68 ||   172
       Bite              |    19 |    31 ||    50
       Flail             |       |     9 ||     9
Invok: Berserk           |     1 |       ||     1
 Stab: Sleeping          |     4 |       ||     4
Armor: Animal skin       |    37 |    12 ||    49
       Leather armour    |       |    12 ||    12
Dodge: Dodged            |    56 |    45 ||   101
